[ AOE2 MATCH · #506645381 ]
UnrankedTurks vs Persians
[ REPLAY ANALYSIS · EXTRACTED FROM THE RECORDED GAME ]
Feudal
13:46
Castle
30:10
Imperial
—
| APM avg | 23.4 |
| APM peak | 46 |
| eAPM avg | 13.0 |
| Villagers / military | 73 / 69 |
Focus
⚔️ 34.0% · 🌾 66.0%
Camel Scout ×47 · Scout Cavalry ×22
Feudal
12:24
Castle
29:48
Imperial
—
| APM avg | 56.7 |
| APM peak | 156 |
| eAPM avg | 26.8 |
| Villagers / military | 91 / 125 |
Focus
⚔️ 43.7% · 🌾 56.3%
Cavalry Archer ×95 · Scout Cavalry ×22 · Fishing Ship ×7 · Genitour ×6 · Spearman ×1 · Demolition Raft ×1
Feudal
11:28
Castle
24:15
Imperial
—
| APM avg | 46.4 |
| APM peak | 144 |
| eAPM avg | 20.5 |
| Villagers / military | 94 / 110 |
Focus
⚔️ 34.8% · 🌾 65.2%
Camel Scout ×97 · Scout Cavalry ×8 · Spearman ×3 · Knight ×2
Feudal
12:41
Castle
23:33
Imperial
—
| APM avg | 56.6 |
| APM peak | 157 |
| eAPM avg | 22.5 |
| Villagers / military | 95 / 74 |
Focus
⚔️ 22.0% · 🌾 78.0%
Cavalry Archer ×64 · Scout Cavalry ×10
Match map
Initial resources + every placement click. Lines = walls · curves = elevation contours. ◆ gold · ⬟ stone · ● berries · ✦ relic · ◌ wall gap
Your base· Open — unwalled flank
AiM | Foreign Dish's base· Open — unwalled flank
Eldiano's base· Open — unwalled flank
Cowpolice's base· Open — unwalled flank
Smoothed initial terrain · ◌ = detected wall gap · hover for details
Inputs per minute
— Multch - - AiM | Foreign Dish
Build order — Multch
First 150 of 232 actions detected
| 1:39 | Build | Town Center |
| 4:06 | Queue | Villager (Male) |
| 4:06 | Queue | Villager (Male) |
| 4:06 | Queue | Villager (Male) |
| 4:07 | Queue | Villager (Male) |
| 4:11 | Build | House |
| 4:30 | Build | House |
| 4:51 | Build | House |
| 5:59 | Queue | Villager (Male) |
| 5:59 | Queue | Villager (Male) |
| 5:59 | Queue | Villager (Male) |
| 6:25 | Build | House |
| 6:30 | Queue | Villager (Male) |
| 6:30 | Queue | Villager (Male) |
| 6:31 | Queue | Villager (Male) |
| 6:53 | Build | Lumber Camp |
| 7:32 | Queue | Villager (Male) |
| 7:32 | Queue | Villager (Male) |
| 7:32 | Queue | Villager (Male) |
| 8:09 | Queue | Villager (Male) |
| 8:11 | Build | House |
| 8:37 | Queue | Villager (Male) |
| 8:59 | Build | Mill |
| 9:11 | Queue | Villager (Male) |
| 9:30 | Queue | Villager (Male) |
| 9:35 | Build | House |
| 9:59 | Build | House |
| 10:32 | Research | Loom |
| 10:55 | Queue | Villager (Male) |
| 11:36 | Research | Feudal Age |
| 11:37 | Research | Feudal Age |
| 11:42 | Build | Barracks |
| 13:09 | Queue | Villager (Male) |
| 13:09 | Queue | Villager (Male) |
| 13:46 | Age | Feudal Age |
| 13:48 | Build | Stable |
| 14:02 | Build | House |
| 14:42 | Build | Palisade Wall |
| 14:43 | Build | Palisade Wall |
| 14:58 | Build | House |
| 15:02 | Queue | Villager (Male) |
| 15:02 | Queue | Villager (Male) |
| 15:13 | Queue | Scout Cavalry |
| 15:13 | Queue | Scout Cavalry |
| 15:17 | Build | Blacksmith |
| 15:18 | Build | Palisade Wall |
| 15:33 | Build | House |
| 15:36 | Queue | Villager (Male) |
| 15:37 | Queue | Villager (Male) |
| 15:41 | Queue | Scout Cavalry |
| 15:48 | Build | Palisade Wall |
| 16:02 | Research | Scale Barding Armor |
| 16:15 | Queue | Scout Cavalry |
| 16:18 | Build | Farm |
| 16:23 | Build | Farm |
| 16:39 | Queue | Villager (Male) |
| 16:44 | Research | Forging |
| 16:45 | Queue | Scout Cavalry |
| 16:46 | Queue | Scout Cavalry |
| 17:02 | Queue | Villager (Male) |
| 17:17 | Queue | Scout Cavalry |
| 17:28 | Build | Mill |
| 17:29 | Queue | Villager (Male) |
| 17:35 | Build | Farm |
| 17:40 | Build | Farm |
| 17:43 | Queue | Villager (Male) |
| 17:56 | Queue | Scout Cavalry |
| 17:59 | Build | Farm |
| 18:20 | Queue | Villager (Male) |
| 18:23 | Build | Farm |
| 18:37 | Queue | Scout Cavalry |
| 18:41 | Build | Farm |
| 19:00 | Build | House |
| 19:02 | Build | House |
| 19:23 | Queue | Villager (Male) |
| 19:24 | Queue | Villager (Male) |
| 19:27 | Queue | Scout Cavalry |
| 20:01 | Build | Stable |
| 20:05 | Build | Market |
| 20:31 | Queue | Villager (Male) |
| 20:31 | Queue | Villager (Male) |
| 20:32 | Queue | Scout Cavalry |
| 20:32 | Queue | Scout Cavalry |
| 21:12 | Queue | Scout Cavalry |
| 21:12 | Queue | Scout Cavalry |
| 21:13 | Queue | Scout Cavalry |
| 21:20 | Build | Farm |
| 21:22 | Queue | Villager (Male) |
| 21:22 | Queue | Villager (Male) |
| 21:26 | Build | Farm |
| 21:39 | Queue | Scout Cavalry |
| 21:39 | Queue | Scout Cavalry |
| 21:56 | Build | House |
| 21:57 | Build | House |
| 21:57 | Build | House |
| 21:57 | Build | House |
| 22:09 | Research | Bloodlines |
| 22:34 | Queue | Villager (Male) |
| 22:36 | Queue | Scout Cavalry |
| 23:09 | Queue | Scout Cavalry |
| 23:21 | Build | Palisade Wall |
| 23:24 | Build | Palisade Gate |
| 23:29 | Queue | Scout Cavalry |
| 23:37 | Build | Palisade Wall |
| 23:42 | Queue | Villager (Male) |
| 24:18 | Queue | Scout Cavalry |
| 24:19 | Queue | Scout Cavalry |
| 24:36 | Queue | Villager (Male) |
| 24:36 | Queue | Villager (Male) |
| 24:37 | Queue | Villager (Male) |
| 25:35 | Queue | Villager (Male) |
| 25:35 | Queue | Villager (Male) |
| 26:09 | Build | Mill |
| 26:36 | Queue | Villager (Male) |
| 26:36 | Queue | Villager (Male) |
| 26:36 | Queue | Villager (Male) |
| 27:28 | Research | Castle Age |
| 27:56 | Build | Mill |
| 28:20 | Build | Mining Camp |
| 28:47 | Build | Farm |
| 29:21 | Build | Farm |
| 30:04 | Build | House |
| 30:10 | Age | Castle Age |
| 30:12 | Research | Husbandry |
| 30:14 | Research | Chain Barding Armor |
| 30:16 | Research | Iron Casting |
| 30:26 | Queue | Camel Scout |
| 30:26 | Queue | Camel Scout |
| 30:35 | Research | Gold Mining |
| 30:45 | Build | Farm |
| 30:45 | Build | Farm |
| 30:45 | Build | Farm |
| 30:46 | Build | Farm |
| 30:46 | Build | Farm |
| 30:46 | Build | Farm |
| 30:46 | Build | Farm |
| 30:47 | Build | Farm |
| 30:47 | Build | Farm |
| 30:49 | Build | Farm |
| 30:52 | Queue | Camel Scout |
| 30:54 | Queue | Camel Scout |
| 30:55 | Queue | Camel Scout |
| 31:22 | Queue | Camel Scout |
| 31:22 | Queue | Camel Scout |
| 31:30 | Build | Town Center |
| 31:41 | Queue | Camel Scout |
| 31:42 | Queue | Camel Scout |
| 32:03 | Queue | Camel Scout |
| 32:04 | Queue | Camel Scout |
| 32:06 | Queue | Villager (Male) |
Build order — AiM | Foreign Dish
First 150 of 343 actions detected
| 0:17 | Build | Town Center |
| 2:31 | Queue | Villager (Male) |
| 2:31 | Queue | Villager (Male) |
| 2:32 | Queue | Villager (Male) |
| 2:32 | Queue | Villager (Male) |
| 2:32 | Queue | Villager (Male) |
| 2:33 | Queue | Villager (Male) |
| 2:33 | Queue | Villager (Male) |
| 3:06 | Build | House |
| 3:26 | Build | House |
| 3:28 | Research | Loom |
| 3:28 | Research | Loom |
| 3:37 | Queue | Villager (Male) |
| 3:37 | Queue | Villager (Male) |
| 3:37 | Queue | Villager (Male) |
| 3:37 | Queue | Villager (Male) |
| 3:43 | Build | House |
| 3:53 | Build | House |
| 4:12 | Queue | Villager (Male) |
| 4:12 | Queue | Villager (Male) |
| 4:41 | Queue | Villager (Male) |
| 4:55 | Build | House |
| 5:23 | Queue | Villager (Male) |
| 5:27 | Build | Lumber Camp |
| 5:30 | Build | House |
| 5:43 | Build | House |
| 5:52 | Build | House |
| 5:55 | Queue | Villager (Male) |
| 5:59 | Queue | Villager (Male) |
| 6:51 | Queue | Villager (Male) |
| 7:12 | Build | House |
| 7:33 | Queue | Villager (Male) |
| 7:59 | Queue | Villager (Male) |
| 8:25 | Build | Mill |
| 8:27 | Queue | Villager (Male) |
| 8:41 | Build | House |
| 8:54 | Build | House |
| 9:09 | Build | House |
| 9:16 | Queue | Villager (Male) |
| 9:19 | Build | House |
| 9:36 | Queue | Villager (Male) |
| 10:20 | Research | Feudal Age |
| 10:20 | Research | Feudal Age |
| 11:14 | Build | Barracks |
| 11:17 | Build | House |
| 11:43 | Queue | Villager (Male) |
| 11:46 | Queue | Villager (Male) |
| 11:47 | Build | House |
| 12:24 | Age | Feudal Age |
| 12:31 | Build | Stable |
| 12:35 | Queue | Villager (Male) |
| 12:45 | Research | Double-Bit Axe |
| 12:51 | Queue | Villager (Male) |
| 12:55 | Build | House |
| 13:07 | Build | House |
| 13:09 | Queue | Villager (Male) |
| 13:15 | Build | Palisade Wall |
| 13:19 | Queue | Villager (Male) |
| 13:26 | Queue | Scout Cavalry |
| 13:26 | Queue | Scout Cavalry |
| 13:31 | Build | House |
| 13:33 | Build | Palisade Wall |
| 14:03 | Build | Palisade Wall |
| 14:05 | Queue | Scout Cavalry |
| 14:05 | Queue | Scout Cavalry |
| 14:14 | Research | Horse Collar |
| 14:15 | Research | Horse Collar |
| 14:29 | Queue | Scout Cavalry |
| 14:33 | Build | House |
| 14:34 | Build | House |
| 14:41 | Queue | Villager (Male) |
| 14:49 | Build | Farm |
| 14:59 | Queue | Scout Cavalry |
| 15:01 | Queue | Villager (Male) |
| 15:02 | Queue | Villager (Male) |
| 15:05 | Queue | Villager (Male) |
| 15:06 | Queue | Villager (Male) |
| 15:12 | Build | Farm |
| 15:30 | Queue | Scout Cavalry |
| 15:30 | Queue | Scout Cavalry |
| 15:39 | Build | Farm |
| 15:52 | Build | House |
| 15:53 | Build | Palisade Wall |
| 15:56 | Build | Palisade Wall |
| 16:00 | Build | Palisade Wall |
| 16:07 | Queue | Villager (Male) |
| 16:07 | Queue | Villager (Male) |
| 16:08 | Queue | Villager (Male) |
| 16:16 | Queue | Scout Cavalry |
| 16:16 | Queue | Scout Cavalry |
| 16:26 | Build | Farm |
| 16:28 | Build | Farm |
| 16:38 | Queue | Villager (Male) |
| 16:38 | Queue | Villager (Male) |
| 16:49 | Build | Farm |
| 17:13 | Build | Farm |
| 17:22 | Queue | Villager (Male) |
| 17:26 | Queue | Villager (Male) |
| 17:34 | Queue | Scout Cavalry |
| 17:44 | Queue | Villager (Male) |
| 17:49 | Build | Farm |
| 18:03 | Queue | Scout Cavalry |
| 18:05 | Queue | Villager (Male) |
| 18:06 | Queue | Villager (Male) |
| 18:14 | Queue | Scout Cavalry |
| 18:16 | Queue | Villager (Male) |
| 18:21 | Build | Mill |
| 18:39 | Build | Blacksmith |
| 18:40 | Queue | Villager (Male) |
| 18:47 | Build | Palisade Wall |
| 18:48 | Build | House |
| 18:52 | Build | Palisade Wall |
| 19:00 | Build | Farm |
| 19:01 | Queue | Villager (Male) |
| 19:06 | Queue | Scout Cavalry |
| 19:41 | Build | Dock |
| 19:48 | Build | Farm |
| 19:49 | Build | Farm |
| 20:06 | Queue | Scout Cavalry |
| 20:06 | Queue | Scout Cavalry |
| 20:27 | Queue | Scout Cavalry |
| 20:28 | Queue | Scout Cavalry |
| 20:38 | Build | Stable |
| 20:45 | Build | Farm |
| 21:01 | Build | House |
| 21:02 | Build | House |
| 21:04 | Build | House |
| 21:15 | Build | House |
| 21:17 | Build | House |
| 21:25 | Queue | Villager (Male) |
| 21:28 | Research | Wheelbarrow |
| 21:37 | Build | Mining Camp |
| 21:48 | Build | House |
| 21:50 | Build | Palisade Wall |
| 22:08 | Queue | Villager (Male) |
| 22:13 | Build | Farm |
| 22:28 | Queue | Scout Cavalry |
| 22:28 | Queue | Scout Cavalry |
| 22:32 | Queue | Fishing Ship |
| 22:32 | Queue | Fishing Ship |
| 22:46 | Queue | Scout Cavalry |
| 23:03 | Queue | Villager (Male) |
| 23:09 | Queue | Scout Cavalry |
| 23:16 | Build | Lumber Camp |
| 23:20 | Build | Fish Trap |
| 23:21 | Queue | Fishing Ship |
| 23:29 | Queue | Spearman |
| 23:32 | Queue | Villager (Male) |
| 23:52 | Queue | Villager (Male) |
| 24:02 | Queue | Villager (Male) |
Build order — Eldiano
First 150 of 307 actions detected
| 0:18 | Build | Town Center |
| 0:49 | Build | House |
| 2:06 | Build | House |
| 2:28 | Research | Loom |
| 2:28 | Queue | Villager (Male) |
| 2:29 | Queue | Villager (Male) |
| 2:29 | Queue | Villager (Male) |
| 2:29 | Queue | Villager (Male) |
| 3:38 | Queue | Villager (Male) |
| 4:32 | Queue | Villager (Male) |
| 4:46 | Build | Lumber Camp |
| 5:15 | Queue | Villager (Male) |
| 5:46 | Build | House |
| 5:49 | Queue | Villager (Male) |
| 5:55 | Queue | Villager (Male) |
| 6:20 | Queue | Villager (Male) |
| 6:30 | Queue | Villager (Male) |
| 7:03 | Build | Mill |
| 7:11 | Queue | Villager (Male) |
| 7:21 | Build | House |
| 7:50 | Queue | Villager (Male) |
| 7:58 | Queue | Villager (Male) |
| 8:41 | Queue | Villager (Male) |
| 9:18 | Research | Feudal Age |
| 9:51 | Build | Barracks |
| 10:21 | Build | House |
| 11:28 | Age | Feudal Age |
| 11:28 | Queue | Villager (Male) |
| 11:30 | Build | Stable |
| 11:35 | Research | Double-Bit Axe |
| 11:36 | Queue | Villager (Male) |
| 11:47 | Build | House |
| 11:56 | Queue | Villager (Male) |
| 12:25 | Build | House |
| 12:26 | Build | House |
| 12:27 | Queue | Scout Cavalry |
| 12:28 | Queue | Scout Cavalry |
| 12:28 | Queue | Scout Cavalry |
| 12:29 | Queue | Scout Cavalry |
| 12:31 | Queue | Villager (Male) |
| 12:54 | Research | Horse Collar |
| 12:59 | Build | Farm |
| 13:00 | Build | Farm |
| 13:07 | Build | House |
| 13:09 | Build | House |
| 13:12 | Queue | Scout Cavalry |
| 13:13 | Queue | Villager (Male) |
| 13:26 | Build | Palisade Wall |
| 13:27 | Queue | Villager (Male) |
| 13:34 | Queue | Villager (Male) |
| 13:43 | Build | House |
| 13:48 | Build | Farm |
| 14:06 | Queue | Villager (Male) |
| 14:07 | Research | Town Watch |
| 14:41 | Queue | Villager (Male) |
| 14:58 | Queue | Scout Cavalry |
| 15:02 | Queue | Villager (Male) |
| 15:08 | Build | Farm |
| 15:10 | Build | Farm |
| 15:13 | Build | Farm |
| 15:28 | Queue | Villager (Male) |
| 15:31 | Queue | Spearman |
| 15:31 | Queue | Spearman |
| 15:49 | Queue | Scout Cavalry |
| 15:50 | Queue | Villager (Male) |
| 15:50 | Queue | Villager (Male) |
| 15:54 | Build | House |
| 15:55 | Build | House |
| 15:56 | Queue | Villager (Male) |
| 15:59 | Build | Farm |
| 16:03 | Build | Farm |
| 16:27 | Build | Farm |
| 16:28 | Build | Farm |
| 17:02 | Build | Farm |
| 17:12 | Build | House |
| 18:01 | Queue | Villager (Male) |
| 18:04 | Build | House |
| 18:05 | Build | House |
| 18:06 | Build | House |
| 18:13 | Queue | Villager (Male) |
| 18:16 | Build | Mining Camp |
| 18:32 | Build | Blacksmith |
| 18:39 | Queue | Villager (Male) |
| 18:53 | Build | House |
| 19:05 | Build | Farm |
| 19:36 | Research | Bloodlines |
| 19:37 | Queue | Scout Cavalry |
| 19:41 | Research | Scale Barding Armor |
| 19:49 | Queue | Spearman |
| 20:17 | Build | House |
| 20:20 | Queue | Villager (Male) |
| 20:22 | Queue | Villager (Male) |
| 20:30 | Build | Market |
| 20:46 | Queue | Villager (Male) |
| 21:20 | Research | Castle Age |
| 21:27 | Build | Stable |
| 21:40 | Build | House |
| 22:00 | Research | Forging |
| 22:06 | Build | Stable |
| 22:45 | Research | Wheelbarrow |
| 22:55 | Build | Farm |
| 22:58 | Build | Farm |
| 23:02 | Build | Farm |
| 23:07 | Build | Farm |
| 23:11 | Research | Gold Mining |
| 24:15 | Age | Castle Age |
| 24:19 | Queue | Camel Scout |
| 24:20 | Queue | Camel Scout |
| 24:20 | Queue | Camel Scout |
| 24:21 | Queue | Camel Scout |
| 24:25 | Queue | Villager (Male) |
| 24:39 | Queue | Camel Scout |
| 24:39 | Queue | Camel Scout |
| 24:41 | Research | Husbandry |
| 25:04 | Queue | Knight |
| 25:04 | Queue | Knight |
| 25:53 | Queue | Villager (Male) |
| 26:20 | Build | Gate |
| 26:27 | Queue | Villager (Male) |
| 26:29 | Build | Farm |
| 26:36 | Queue | Camel Scout |
| 26:37 | Queue | Camel Scout |
| 26:37 | Queue | Camel Scout |
| 26:37 | Queue | Camel Scout |
| 26:50 | Queue | Villager (Male) |
| 26:54 | Queue | Camel Scout |
| 26:54 | Queue | Camel Scout |
| 26:54 | Queue | Camel Scout |
| 26:57 | Queue | Villager (Male) |
| 27:06 | Build | Town Center |
| 27:15 | Queue | Villager (Male) |
| 27:19 | Queue | Camel Scout |
| 27:19 | Queue | Camel Scout |
| 27:20 | Queue | Camel Scout |
| 27:22 | Build | Farm |
| 27:23 | Build | Farm |
| 27:24 | Queue | Villager (Male) |
| 27:30 | Build | Lumber Camp |
| 27:31 | Queue | Villager (Male) |
| 27:49 | Build | Farm |
| 27:51 | Build | Farm |
| 27:55 | Build | Farm |
| 28:04 | Build | Farm |
| 28:27 | Queue | Villager (Male) |
| 28:39 | Queue | Villager (Male) |
| 28:40 | Queue | Villager (Male) |
| 28:40 | Queue | Villager (Male) |
| 28:41 | Queue | Villager (Male) |
| 29:01 | Queue | Camel Scout |
| 29:01 | Queue | Camel Scout |
Build order — Cowpolice
First 150 of 281 actions detected
| 0:16 | Build | Town Center |
| 2:35 | Queue | Villager (Male) |
| 2:36 | Queue | Villager (Male) |
| 2:38 | Build | House |
| 3:02 | Queue | Villager (Male) |
| 3:16 | Queue | Villager (Male) |
| 4:13 | Queue | Villager (Male) |
| 4:19 | Build | Lumber Camp |
| 4:22 | Queue | Villager (Male) |
| 4:44 | Build | House |
| 4:49 | Build | House |
| 4:54 | Build | Palisade Wall |
| 5:04 | Queue | Villager (Male) |
| 5:16 | Queue | Villager (Male) |
| 5:43 | Queue | Villager (Male) |
| 6:02 | Queue | Villager (Male) |
| 6:11 | Queue | Villager (Male) |
| 6:19 | Queue | Villager (Male) |
| 7:23 | Queue | Villager (Male) |
| 7:41 | Queue | Villager (Male) |
| 7:50 | Queue | Villager (Male) |
| 8:04 | Build | House |
| 8:06 | Queue | Villager (Male) |
| 8:22 | Queue | Villager (Male) |
| 8:28 | Build | Palisade Wall |
| 8:46 | Queue | Villager (Male) |
| 8:54 | Queue | Villager (Male) |
| 9:11 | Build | Mill |
| 9:22 | Queue | Villager (Male) |
| 9:33 | Queue | Villager (Male) |
| 9:43 | Queue | Villager (Male) |
| 10:05 | Research | Loom |
| 10:13 | Research | Feudal Age |
| 11:14 | Build | Barracks |
| 11:16 | Build | Palisade Wall |
| 12:07 | Queue | Villager (Male) |
| 12:26 | Build | House |
| 12:41 | Age | Feudal Age |
| 12:47 | Build | Stable |
| 12:59 | Research | Double-Bit Axe |
| 13:00 | Queue | Villager (Male) |
| 13:08 | Build | House |
| 13:09 | Build | Palisade Wall |
| 13:12 | Queue | Villager (Male) |
| 13:38 | Queue | Scout Cavalry |
| 13:38 | Queue | Scout Cavalry |
| 13:38 | Queue | Scout Cavalry |
| 13:46 | Queue | Villager (Male) |
| 13:50 | Build | Blacksmith |
| 13:54 | Queue | Villager (Male) |
| 14:03 | Queue | Scout Cavalry |
| 14:16 | Queue | Villager (Male) |
| 14:18 | Queue | Scout Cavalry |
| 14:25 | Build | House |
| 14:26 | Build | House |
| 14:35 | Queue | Scout Cavalry |
| 14:45 | Queue | Villager (Male) |
| 14:53 | Research | Forging |
| 14:54 | Research | Scale Barding Armor |
| 15:09 | Build | House |
| 15:10 | Queue | Villager (Male) |
| 15:37 | Build | Farm |
| 15:38 | Queue | Villager (Male) |
| 15:57 | Queue | Scout Cavalry |
| 16:01 | Build | Farm |
| 16:02 | Queue | Villager (Male) |
| 16:04 | Build | Farm |
| 16:05 | Queue | Villager (Male) |
| 16:34 | Build | Farm |
| 16:35 | Queue | Villager (Male) |
| 16:52 | Queue | Scout Cavalry |
| 17:08 | Build | Farm |
| 17:09 | Queue | Villager (Male) |
| 17:25 | Build | Farm |
| 17:26 | Queue | Villager (Male) |
| 17:43 | Build | Mining Camp |
| 17:44 | Queue | Villager (Male) |
| 17:50 | Build | Farm |
| 17:57 | Queue | Scout Cavalry |
| 17:57 | Queue | Scout Cavalry |
| 18:07 | Build | Farm |
| 18:36 | Queue | Villager (Male) |
| 18:42 | Build | Mill |
| 19:11 | Build | House |
| 19:33 | Queue | Villager (Male) |
| 19:41 | Queue | Villager (Male) |
| 19:56 | Build | Farm |
| 20:04 | Queue | Villager (Male) |
| 20:06 | Build | Market |
| 20:34 | Build | Farm |
| 20:53 | Research | Castle Age |
| 21:09 | Build | Archery Range |
| 21:12 | Build | Archery Range |
| 21:19 | Research | Gold Mining |
| 22:06 | Research | Fletching |
| 22:07 | Research | Padded Archer Armor |
| 22:18 | Build | House |
| 22:19 | Build | House |
| 22:21 | Build | House |
| 22:44 | Research | Town Watch |
| 22:45 | Research | Wheelbarrow |
| 22:49 | Research | Horse Collar |
| 23:08 | Build | Palisade Wall |
| 23:12 | Build | Palisade Wall |
| 23:33 | Age | Castle Age |
| 23:37 | Queue | Cavalry Archer |
| 23:38 | Queue | Cavalry Archer |
| 23:38 | Queue | Cavalry Archer |
| 23:38 | Queue | Cavalry Archer |
| 23:51 | Research | Bodkin Arrow |
| 24:10 | Build | Mining Camp |
| 24:19 | Queue | Cavalry Archer |
| 24:19 | Queue | Cavalry Archer |
| 24:21 | Research | Thumb Ring |
| 24:26 | Queue | Villager (Male) |
| 24:26 | Queue | Villager (Male) |
| 24:30 | Queue | Villager (Male) |
| 24:36 | Queue | Cavalry Archer |
| 24:36 | Queue | Cavalry Archer |
| 24:54 | Queue | Cavalry Archer |
| 24:55 | Queue | Cavalry Archer |
| 25:23 | Queue | Villager (Male) |
| 25:23 | Queue | Villager (Male) |
| 25:28 | Queue | Villager (Male) |
| 25:47 | Build | Farm |
| 25:48 | Queue | Villager (Male) |
| 25:55 | Queue | Cavalry Archer |
| 25:55 | Queue | Cavalry Archer |
| 25:55 | Queue | Cavalry Archer |
| 26:14 | Queue | Cavalry Archer |
| 26:14 | Queue | Cavalry Archer |
| 26:35 | Queue | Cavalry Archer |
| 26:35 | Queue | Cavalry Archer |
| 26:35 | Queue | Cavalry Archer |
| 26:41 | Build | House |
| 26:43 | Build | House |
| 26:44 | Build | House |
| 26:45 | Build | House |
| 26:46 | Build | House |
| 26:55 | Queue | Cavalry Archer |
| 26:55 | Queue | Cavalry Archer |
| 27:25 | Build | University |
| 27:27 | Build | House |
| 27:27 | Build | House |
| 27:52 | Research | Husbandry |
| 27:53 | Research | Bloodlines |
| 28:28 | Research | Leather Archer Armor |
| 28:36 | Queue | Villager (Male) |
| 28:36 | Queue | Villager (Male) |
| 28:36 | Queue | Villager (Male) |
Match timeline
| 4:54 | Cowpolice · wall_segment Palisade Wall x1 |
| 8:28 | Cowpolice · wall_segment Palisade Wall x1 |
| 9:51 | Eldiano · first_building Barracks |
| 11:14 | AiM | Foreign Dish · first_building Barracks |
| 11:14 | Cowpolice · first_building Barracks |
| 11:16 | Cowpolice · wall_segment Palisade Wall x1 |
| 11:28 | Eldiano · age_up feudal |
| 11:30 | Eldiano · first_building Stable |
| 11:42 | Multch · first_building Barracks |
| 12:24 | AiM | Foreign Dish · age_up feudal |
| 12:31 | AiM | Foreign Dish · first_building Stable |
| 12:41 | Cowpolice · age_up feudal |
| 12:47 | Cowpolice · first_building Stable |
| 13:09 | Cowpolice · wall_segment Palisade Wall x1 |
| 13:15 | AiM | Foreign Dish · wall_segment Palisade Wall x3 |
| 13:26 | Eldiano · wall_segment Palisade Wall x17 |
| 13:33 | AiM | Foreign Dish · wall_segment Palisade Wall x4 |
| 13:46 | Multch · age_up feudal |
| 13:48 | Multch · first_building Stable |
| 14:03 | AiM | Foreign Dish · wall_segment Palisade Wall x6 |
| 14:42 | Multch · wall_segment Palisade Wall x1 |
| 14:43 | Multch · wall_segment Palisade Wall x1 |
| 15:18 | Multch · wall_segment Palisade Wall x1 |
| 15:48 | Multch · wall_segment Palisade Wall x1 |
| 15:53 | AiM | Foreign Dish · wall_segment Palisade Wall x3 |
| 15:56 | AiM | Foreign Dish · wall_segment Palisade Wall x4 |
| 16:00 | AiM | Foreign Dish · wall_segment Palisade Wall x9 |
| 18:47 | AiM | Foreign Dish · wall_segment Palisade Wall x1 |
| 18:52 | AiM | Foreign Dish · wall_segment Palisade Wall x1 |
| 19:41 | AiM | Foreign Dish · first_building Dock |
| 21:09 | Cowpolice · first_building Archery Range |
| 21:50 | AiM | Foreign Dish · wall_segment Palisade Wall x3 |
| 22:06 | Multch · first_market_sell 100 wood |
| 23:08 | Cowpolice · wall_segment Palisade Wall x1 |
| 23:12 | Cowpolice · wall_segment Palisade Wall x14 |
| 23:21 | Multch · wall_segment Palisade Wall x17 |
| 23:33 | Cowpolice · age_up castle |
| 23:37 | Multch · wall_segment Palisade Wall x9 |
| 23:47 | Cowpolice · first_market_sell 100 stone |
| 24:15 | Eldiano · age_up castle |
| 24:29 | Eldiano · first_market_sell 100 wood |
| 24:30 | Eldiano · first_market_buy 100 food |
| 25:49 | AiM | Foreign Dish · first_market_sell 100 wood |
| 25:57 | AiM | Foreign Dish · first_market_buy 100 food |
| 27:26 | Multch · first_market_buy 100 food |
| 28:36 | AiM | Foreign Dish · first_building Archery Range |
| 29:48 | AiM | Foreign Dish · age_up castle |
| 30:10 | Multch · age_up castle |
| 31:23 | Cowpolice · tribute_sent a jugador 1 |
| 31:23 | Cowpolice · tribute_sent a jugador 2 |
| 31:23 | Cowpolice · tribute_sent a jugador 3 |
| 33:30 | Multch · wall_segment Palisade Wall x1 |
| 38:55 | Eldiano · wall_segment Stone Wall x1 |
| 40:11 | Eldiano · resign |
[ AI ANALYSIS · 1 CREDIT ]
What really happened in this match?
Wolo.gg analyzes every decision: build order, eco, micro, common mistakes by bracket. Personalized analysis on WhatsApp or Discord in 30 seconds.
Civ guide
Turks
Perfil
Jugador #20700242